 Dungeon Crawl Stone Soup version 0.22-a0-482-g76e0a5f (webtiles) character file.

21 Gildeon the Skirmisher (level 2, -6/21 HPs)
             Began as an Octopode Fighter on June 17, 2018.
             Mangled by a worker ant (8 damage)
             ... on level 2 of the Dungeon.
             The game lasted 00:04:16 (912 turns).

Gildeon the Skirmisher (Octopode Fighter)            Turns: 912, Time: 00:04:17

Health: -6/21      AC:  1    Str: 15    XL:     2   Next: 87%
Magic:  2/2        EV: 14    Int: 10    God:
Gold:   40         SH:  0    Dex: 11    Spells: 1/1 levels left

rFire    . . .     SeeInvis .     - Unarmed
rCold    . . .     Gourm    .   (no shield)
rNeg     . . .     Faith    .   (helmet restricted)
rPois    .         Spirit   .   (no amulet)
rElec    .         Reflect  .   (no ring)
rCorr    .         Harm     .   (no ring)
MR       .....                  (no ring)
Stlth    +++.......             (no ring)
HPRegen  0.07/turn              (no ring)
MPRegen  0.08/turn              (no ring)
                                (no ring)
                                (no ring)

@: lethally poisoned (-6 -> -29)
A: almost no armour, stealthy swim, amphibious, 8 rings, constrict 8, camouflage
1, gelatinous body 1
a: no special abilities


You were on level 2 of the Dungeon.
You were not hungry.

You visited 1 branch of the dungeon, and saw 2 of its levels.

You collected 40 gold pieces.

Inventory:

Hand Weapons
 g - a +2 dagger of speed
Scrolls
 a - a scroll of remove curse {unknown}
 e - 2 scrolls of identify {unknown}
 f - a scroll of magic mapping {unknown}
 j - a scroll of enchant weapon {unknown}
Potions
 b - a potion of might
 h - a potion of mutation {unknown}
 i - a potion of curing {unknown}
 k - a potion of resistance {unknown}
Comestibles
 c - 2 rations
 d - a chunk of flesh


   Skills:
 + Level 3.2 Fighting
 + Level 3.2 Dodging
 + Level 1.6 Stealth
   Level 3.0 Shields
 + Level 2.3 Unarmed Combat


You had one spell level left.
You didn't know any spells.
Your spell library was empty.

Dungeon Overview and Level Annotations

Branches:
Dungeon (2/15)

Altars:


Innate Abilities, Weirdness & Mutations

You cannot wear most types of armour.
You are very stealthy in the water. (Stealth+)
You are amphibious.
You can wear up to eight rings at the same time.
You can use your tentacles to constrict eight enemies at once.
Your skin changes colour to match your surroundings (Stealth+).
Your rubbery body absorbs attacks. (AC +1, EV +1)


Message History

The worker ant is almost dead.
You constrict the worker ant.
You feel sick. The worker ant bites you.
You are more poisoned.
The worker ant poisons you!
The worker ant waves its antennae.
The worker ant bites you!
* * * LOW HITPOINT WARNING * * *
You are more poisoned.
The worker ant poisons you!
You release your grip on the worker ant.
* * * LOW HITPOINT WARNING * * *
You feel sick.
Some of the chunks of flesh in your inventory have rotted away.
You tentacle-slap the worker ant but do no damage.
You grab the worker ant.
The worker ant is almost dead.
You constrict the worker ant.
* * * LOW HITPOINT WARNING * * *
You feel sick. The worker ant bites you!
You die...

##. ## ###8.8#..#
#.g...... # #.#8.8
.#.## #.##.##.#..
. ##........##..
..###.............
.........a....#.#
##.....@......#
#.............
#...)......#.. .##
##........## .
....###........##
#.............#
####..........#
#..........#
#..........#


You could see a worker ant.

Vanquished Creatures
  A leopard gecko (D:1)
  4 goblins (D:1)
  4 hobgoblins (D:1)
  5 kobolds
  A quokka (D:2)
  2 rats (D:1)
17 creatures vanquished.

Notes
Turn   | Place    | Note
-------+----------+-------------------------------------------
     0 | D:1      | Gildeon the Octopode Fighter began the quest for the Orb.
     0 | D:1      | Reached XP level 1. HP: 16/16 MP: 1/1
     8 | D:1      | Noticed a centaur
     8 | D:1      | Noticed a tengu
    10 | D:1      | Noticed a human
    18 | D:1      | Noticed an elf
    18 | D:1      | Noticed a vampire
    20 | D:1      | Noticed a spriggan
    20 | D:1      | Noticed a formicid
    22 | D:1      | Noticed a naga
    22 | D:1      | Noticed a demigod
    24 | D:1      | Noticed a gargoyle
    24 | D:1      | Noticed an ogre
    26 | D:1      | Noticed a dwarf
    26 | D:1      | Noticed a vine stalker
    28 | D:1      | Noticed a draconian
    28 | D:1      | Noticed a merfolk
    30 | D:1      | Noticed a felid
    30 | D:1      | Noticed a demonspawn
    32 | D:1      | Noticed a halfling
    34 | D:1      | Noticed a troll
    34 | D:1      | Noticed a minotaur
    36 | D:1      | Noticed a ghoul
    36 | D:1      | Noticed an octopode
    54 | D:1      | Reached skill level 1 in Stealth
    54 | D:1      | Reached XP level 2. HP: 4/21 MP: 2/2
   912 | D:2      | Mangled by a worker ant

Vault maps used:
D:1:      kb_arrival_jail
D:2:      small_statue_intersection, lemuel_statue_altar

Skill      XL: |  1 |
---------------+----+-----
Stealth        | 1 |  1.6
Fighting       | |  3.2
Dodging        | |  3.2
Shields        | |  3.0
Unarmed Combat | |  2.3

Action                   || total
-------------------------++-------
Melee: Unarmed           ||    51
       Constrict         ||    15
       Tentacles         ||     7
       Punch             ||     1
 Stab: Sleeping          ||     1
Armor: Skin              ||     5
Dodge: Dodged            ||    25

Table legend:
 A = Spawn XP
 B = Non-spawn XP
 C = Spawn XP percentage of total XP
 D = Spawn monster count
 E = Non-spawn monster count
 F = Spawn count percentage of total count
 G = Total turns spent on level
                    A         B        C        D         E        F      G
               +---------+---------+-------+---------+---------+-------+---------
         Total |       0 |      31 |   0.0 |       0 |      17 |   0.0 |   912
               +---------+---------+-------+---------+---------+-------+---------
           D:1 |       0 |      27 |   0.0 |       0 |      15 |   0.0 |   753
           D:2 |       0 |       4 |   0.0 |       0 |       2 |   0.0 |   159
               +---------+---------+-------+---------+---------+-------+---------
